AoeStats
← Alerius

Arabia

510424080Analyzed
1v1 RM · 2d ago on Sep 30, 2026· 47m 8s· 2 players
Game mode
Random Map
Map size
Tiny (2 player)
Population
200
Speed
Normal
Resources
Standard
Victory
Conquest
Starting age
Dark Age
Ending age
Imperial Age
RankedLock teamsTeams togetherTeam positionsShared explorationLock speedFull tech treeHidden civsTurbo modeCheats
Victory
Defeat
🇺🇸 Italians · United States
1105
+48
🇲🇽 Saracens · Mexico
1131
-17
Alerius
7:00 Loom
10:11 Feudal Age
12:47 Double-Bit Axe
13:53 Fletching
16:55 Horse Collar
22:20 Castle Age
22:23 Crossbowman
23:02 Bodkin Arrow
25:50 Stone Mining
25:50 Gold Mining
26:48 Padded Archer Armor
33:40 Imperial Age
31:41 Leather Archer Armor
32:28 Wheelbarrow
36:10 Chemistry
35:33 Ballistics
42:37 Elite Genoese Crossbowman
44:54 Conscription
46:01 Chemistry
45:03 Bracer
44:32 Onager
45:56 Bow Saw
45:50 Heavy Plow
47:03 Bombard Tower
46:57 Forging
goldsize
1:59 Loom
10:32 Feudal Age
17:37 Castle Age
18:19 Fletching
21:47 Bodkin Arrow
22:40 Town Watch
26:19 Double-Bit Axe
28:11 Bow Saw
31:22 Horse Collar
32:56 Scale Barding Armor
39:10 Imperial Age
38:25 Town Watch
38:42 Husbandry
38:53 Bloodlines
43:56 Wheelbarrow
43:16 Gold Mining
44:40 Chain Barding Armor
44:23 Bracer
45:12 Padded Archer Armor
46:15 Chemistry
47:00 Forging
Connection lost

Rejoining the realm…

Still unreachable

The connection could not be restored.

Session expired

The server has moved on; the page needs a fresh start.